 Dungeon Crawl Stone Soup version 0.29.1-13-g9f3cf754e1 (webtiles) character file.

Game seed: 16033162205076190762

19 Thatpatchoflichen the Shooter (level 2, -2/17 HPs)
             Began as a Deep Elf Hunter on Feb 11, 2023.
             Slain by a goblin
             ... wielding a +0 club
             ... led by Robin
              (4 damage)
             ... on level 1 of the Dungeon.
             The game lasted 00:02:30 (997 turns).

Thatpatchoflichen the Shooter (Deep Elf Hunter)      Turns: 997, Time: 00:02:31

Health: -2/17      AC:  5    Str:  8    XL:     2   Next: 55%
Magic:  4/4        EV: 12    Int: 13    God:
Gold:   67         SH:  0    Dex: 18    Spells: 1/1 levels left

rFire   . . .      SeeInvis .   a - +0 shortbow
rCold   . . .      Faith    .   (shield currently unavailable)
rNeg    . . .      Spirit   .   c - +0 leather armour
rPois   .          Reflect  .   (no helmet)
rElec   .          Harm     .   m - +0 cloak
rCorr   .          Rampage  .   f - +0 pair of gloves
Will    .....                   (no boots)
Stlth   ++........              (no amulet)
HPRegen 0.05/turn               (no ring)
MPRegen 0.09/turn               (no ring)

@: no status effects
A: no striking features
a: no special abilities


You were on level 1 of the Dungeon.
You visited 1 branch of the dungeon, and saw 2 of its levels.

You collected 67 gold pieces.

Inventory:

Hand Weapons
 a - a +0 shortbow (weapon)
Missiles
 h - 5 poisoned darts
 j - 6 boomerangs
Armour
 c - a +0 leather armour (worn)
 f - a +0 pair of gloves (worn)
 m - a +0 cloak (worn)
Scrolls
 b - a scroll of immolation
 e - a scroll of teleportation {unknown}
 i - a scroll of silence {unknown}
 k - 2 scrolls of butterflies {unknown}
 l - a scroll of identify {unknown}
 p - a scroll of enchant armour {unknown}
Potions
 d - a potion of magic {unknown}
 g - a potion of haste {unknown}
 n - a potion of curing {unknown}
 o - a potion of brilliance {unknown}


   Skills:
 + Level 2.0 Fighting
 + Level 5.6 Ranged Weapons
 + Level 3.0 Dodging
 - Level 1.2 Stealth


You had one spell level left.
You didn't know any spells.
Your spell library was empty.

Dungeon Overview and Level Annotations

Branches:
Dungeon (2/15)

Altars:

Annotations:
D:2 Robin


Message History

A goblin comes into view. It is wielding a +0 dagger. x2
Fire: a) +0 shortbow
Press: ? - help, Q - select action, (/) - cycle Shift-Dir - straight line, f/p - goblin
Aim: a goblin, wielding a +0 club (58% to hit)
Okay, then.
Robin of the Strong Arm comes into view.
They are wielding a +0 dagger.
The goblin attacks as you move away! The goblin hits you with a +0 club.
A hobgoblin comes into view.
The goblin closely misses you. The goblin attacks as you move away!
The goblin hits you but does no damage. The goblin attacks as you move away!
The goblin hits you but does no damage.
Robin roars a battlecry!
The goblins go into a battle-frenzy!
You hear a shout! x4
The goblin attacks as you move away! The goblin closely misses you.
The goblin attacks as you move away! The goblin misses you.
The goblin attacks as you move away! The goblin hits you with a +0 club.
The goblin attacks as you move away! The goblin barely misses you.
The goblin attacks as you move away! The goblin closely misses you.
The goblin attacks as you move away! The goblin hits you with a +0 club.
The goblin no longer looks unusually strong.
The goblin attacks as you move away! The goblin hits you with a +0 club.
* * * LOW HITPOINT WARNING * * *
The goblin attacks as you move away! The goblin closely misses you.
The goblin no longer looks unusually strong.
The goblin attacks as you move away! The goblin misses you.
The goblin attacks as you move away! The goblin hits you but does no damage.
You see here a bat corpse.
The goblin attacks as you move away! The goblin hits you but does no damage.
There is a stone staircase leading up here.
The goblin hits you with a +0 club.
* * * LOW HITPOINT WARNING * * *
You climb upwards.
There is a stone staircase leading down here.
Fire: a) +0 shortbow
Press: ? - help, Q - select action, (/) - cycle Shift-Dir - straight line, f - goblin
Aim: a goblin, wielding a +0 club (58% to hit)
You shoot an arrow. The arrow barely misses the goblin.
The goblin hits you but does no damage. The goblin hits you with a +0 club.
You die...

#..# #..............## ### ##.#
#.#...#######'## #.. #.# #.....#
##...## #.# ####.# #####.##
##.....###.# #.##.#
#.....#####.......##.#
...#.#######.......##...).....#.#
...........[........'.........'.#
...#.###.###...g.#.##..†......#..
#.##.# #(# #.##.@#.###.......####
...#.# #.# #.###.#.# ##.....##
.....# #.# #.###.#.# ##...##
...#####.# #.......# ##'##
#........# #####.### #.#
#.######## #.# #.# #.# #.# ##.##
#.# #.# ##...## #.#
#.######.....#


You could see a goblin.

Vanquished Creatures
  2 bats
  2 endoplasms (D:1)
  A giant cockroach (D:1)
  A goblin (D:1)
  2 hobgoblins (D:1)
  A quokka (D:1)
  6 frilled lizards
  2 kobolds (D:1)
  2 rats (D:1)
19 creatures vanquished.

Notes
Turn   | Place    | Note
-------+----------+-------------------------------------------
     0 | D:1      | Thatpatchoflichen the Deep Elf Hunter began the quest for
                  | the Orb.
     0 | D:1      | Reached XP level 1. HP: 12/12 MP: 3/3
   154 | D:1      | Found a faded altar of an unknown god.
   207 | D:1      | Reached XP level 2. HP: 16/17 MP: 4/4
   954 | D:2      | Noticed Robin
   997 | D:1      | Slain by a goblin

Illustrated notes

Levels and vault maps discovered:
D:1:      dpeg_arrival_simpleton_c, layout_loops_corners,
          dreamdust_ecumenical_altar_grove, supply_closet_lemuel
D:2:      layout_basic, uniq_robin

Skill      XL: |  1  2 |
---------------+-------+-----
Dodging        | 3 |  3.0
Fighting       | 2 |  2.0
Ranged Weapons | |  5.6
Stealth        | |  1.2

Action                   || total
-------------------------++-------
 Fire: Shortbow          ||    40
Armor: Leather armour    ||     7
Dodge: Dodged            ||    13
